[Event "Romanian Championship 2024"]
[Site "Eforie Nord"]
[Date "2024.02.29"]
[Round "7.17"]
[White "Botea, David-Alexandru"]
[Black "Corbu, George-Alexandru"]
[Result "1-0"]
[ECO "A13"]
[WhiteElo "2081"]
[BlackElo "1902"]
[Annotator "NA RC"]
[PlyCount "81"]
[EventDate "2024.02.24"]
[EventType "swiss"]
[EventCountry "ROU"]
[SourceTitle "playchess.com"]
[Source "ChessBase"]
[SourceQuality "1"]
[TimeControl "40/5400+30:900+30"]

1. c4 Nf6 2. Nf3 e6 3. g3 d5 4. Bg2 dxc4 5. Qa4+ Bd7 6. Qxc4 c5 7. Ne5 Qc8 8. Nxd7 Nfxd7 9. b3 Be7 10. Bb2 O-O 11. O-O Nc6 12. d3 $11 Rb8 13. Nd2 Qc7 14. Rac1 Rfc8 15. Nf3 Nb4 16. a3 Nd5 17. Qc2 Qd8 18. Qb1 b5 19. Qa1 f6 20. Bh3 Qb6 21. e4 Nc7 22. d4 Rd8 23. Qa2 b4 24. a4 Nf8 25. Qb1 Na6 26. Rfd1 cxd4 27. Bxd4 Qb7 28. Be3 Rxd1+ 29. Rxd1 Nc5 30. Rd4 Qa6 31. Qc2 Qa5 32. Rc4 Nfd7 33. Bf4 Re8 34. Nd4 Qa6 35. Nxe6 Qa5 36. Bc7 Qa6 37. Nxc5 Nxc5 38. Rxc5 Bxc5 39. Qxc5 Kh8 40. Bd7 Rg8 41. Qb5 1-0

[Event "Romanian Championship 2024"]
[Site "Eforie Nord"]
[Date "2024.02.29"]
[Round "7.18"]
[White "Constantinoiu, Alexandru Ioan"]
[Black "Craciun, Sasha-Matei"]
[Result "1/2-1/2"]
[ECO "C54"]
[WhiteElo "1754"]
[BlackElo "2080"]
[Annotator "NA RC"]
[PlyCount "98"]
[EventDate "2024.02.24"]
[EventType "swiss"]
[EventCountry "ROU"]
[SourceTitle "playchess.com"]
[Source "ChessBase"]
[SourceQuality "1"]
[TimeControl "40/5400+30:900+30"]

1. e4 e5 2. Nf3 Nc6 3. Bc4 Bc5 4. c3 Nf6 5. d4 exd4 6. cxd4 Bb4+ 7. Bd2 Nxe4 8. Bxb4 Nxb4 9. Bxf7+ Kxf7 10. Qb3+ Kf8 11. Qxb4+ Qe7 12. Qxe7+ Kxe7 13. O-O Kd8 14. Re1 Nf6 15. Nc3 h6 16. Re3 d6 17. Rae1 Re8 18. h3 c6 $11 19. Ne4 Nxe4 20. Rxe4 Rxe4 21. Rxe4 a5 22. g4 a4 23. Nh4 Ra5 24. f4 Rb5 25. Re2 Rb4 26. Nf3 b6 27. f5 c5 28. Rd2 Ke7 29. Kf2 Ba6 30. Kg3 Bc4 31. a3 Rb3 32. dxc5 bxc5 33. Kf4 Bb5 34. h4 Bc6 35. Ng1 c4 36. Rc2 Bd5 37. g5 hxg5+ 38. hxg5 Rd3 39. Ne2 Kf7 40. Nc3 Bc6 41. Re2 Rd4+ 42. Ke3 Rd3+ 43. Kf4 Kf8 44. g6 Rd4+ 45. Ke3 Rd3+ 46. Kf4 Bd7 47. Rh2 Kg8 48. Re2 Kf8 49. Rh2 Kg8 1/2-1/2

[Event "Romanian Championship 2024"]
[Site "Eforie Nord"]
[Date "2024.02.29"]
[Round "7.19"]
[White "Gales, Randi-Ioan"]
[Black "Visanescu, Dragos-Nicholas"]
[Result "1/2-1/2"]
[ECO "A14"]
[WhiteElo "2062"]
[BlackElo "1759"]
[Annotator "RC"]
[PlyCount "138"]
[EventDate "2024.02.24"]
[EventType "swiss"]
[EventCountry "ROU"]
[SourceTitle "playchess.com"]
[Source "ChessBase"]
[SourceQuality "1"]
[TimeControl "40/5400+30:900+30"]

1. c4 e6 2. g3 d5 3. Bg2 Nf6 4. Nf3 Be7 5. O-O O-O 6. b3 a5 7. Nc3 c6 8. Bb2 b6 9. Qc2 Ba6 10. d3 Nbd7 11. e4 dxe4 12. Nxe4 Qc7 13. d4 Rac8 14. Rfe1 Rfd8 15. Ne5 Nxe5 16. Nxf6+ Bxf6 17. dxe5 Be7 18. Be4 h6 19. Rad1 Bb7 20. Rxd8+ Rxd8 21. Rd1 c5 22. Rxd8+ Bxd8 23. Bxb7 Qxb7 24. Qd3 Be7 25. h4 Qc6 26. a4 h5 27. Bc1 g6 28. Bf4 Kg7 29. f3 Qc8 30. Kg2 Qd8 31. Qxd8 Bxd8 32. Kh3 Bc7 33. g4 Bd8 34. Be3 f5 35. exf6+ Bxf6 36. Bf4 e5 37. Bg3 Kf7 38. Kg2 Ke6 39. Kf2 Be7 40. Ke3 Bd6 41. Ke4 Bc7 42. Be1 Bd6 43. Bc3 Bc7 44. Bd2 Bd6 45. Bh6 Bb8 46. Bg7 Bd6 47. Bh6 Bb8 48. Bg7 Bd6 49. g5 Bb8 50. Bf6 Bc7 51. Kd3 Kd7 52. Ke3 Kd6 53. Kd3 Kd7 54. Bg7 Bb8 55. Ke3 Kd6 56. Bh8 Kd7 57. Kd3 Kd6 58. Bf6 Bc7 59. Ke3 Kd7 60. Bh8 Bb8 61. Bg7 Kd6 62. Bh8 Kd7 63. Kd3 Kd6 64. Ke4 Ke6 65. Bf6 Bc7 66. Ke3 Kd7 67. Bg7 Bb8 68. Bh8 Kd6 69. Bf6 Bc7 1/2-1/2

[Event "Romanian Championship 2024"]
[Site "Eforie Nord"]
[Date "2024.02.29"]
[Round "7.20"]
[White "Sava, Robert-Gabriel"]
[Black "Cruceru-Uceanu, Tudor-Mihai"]
[Result "1-0"]
[ECO "D05"]
[WhiteElo "2053"]
[BlackElo "1894"]
[Annotator "NA RC"]
[PlyCount "91"]
[EventDate "2024.02.24"]
[EventType "swiss"]
[EventCountry "ROU"]
[SourceTitle "playchess.com"]
[Source "ChessBase"]
[SourceQuality "1"]
[TimeControl "40/5400+30:900+30"]

1. d4 d5 2. Nf3 Nf6 3. e3 e6 4. Bd3 Be7 5. Nbd2 c5 6. c3 Nc6 7. O-O O-O 8. Qe2 Re8 9. dxc5 Bxc5 10. e4 dxe4 11. Nxe4 Nxe4 12. Qxe4 f5 13. Qe2 h6 14. Rd1 Qf6 $16 ({Better is} 14... Qe7 $14) 15. Bb5 Rd8 16. Bf4 Bb6 17. Rxd8+ Bxd8 18. Rd1 g5 19. Bxc6 gxf4 20. Bd7 Bb6 21. Ne5 Bc7 22. Bxc8 Rxc8 23. Nd7 Qf7 24. Nc5 f3 25. Qxe6 Qxe6 26. Nxe6 Kf7 27. Nxc7 Rxc7 28. gxf3 Ke6 29. Rd4 Rg7+ 30. Kf1 b6 31. a4 Ke5 32. f4+ Ke6 33. f3 Rg8 34. Kf2 Rc8 35. c4 a5 36. b3 Rg8 37. Rd5 Rc8 38. Rb5 Rc6 39. Re5+ Kf6 40. Ke3 Re6 41. Rxe6+ Kxe6 42. Kd4 Kd6 43. Kc3 Kc5 44. b4+ axb4+ 45. Kb3 h5 46. h4 1-0

[Event "Romanian Championship 2024"]
[Site "Eforie Nord"]
[Date "2024.02.29"]
[Round "7.21"]
[White "Armenciu, Bogdan-Ovidiu"]
[Black "Negrean, Andrei"]
[Result "1/2-1/2"]
[ECO "B48"]
[WhiteElo "1936"]
[BlackElo "1990"]
[Annotator "RC"]
[PlyCount "124"]
[EventDate "2024.02.24"]
[EventType "swiss"]
[EventCountry "ROU"]
[SourceTitle "playchess.com"]
[Source "ChessBase"]
[SourceQuality "1"]
[TimeControl "40/5400+30:900+30"]

1. e4 c5 2. Nf3 Nc6 3. d4 cxd4 4. Nxd4 Qc7 5. Nc3 e6 6. Be3 a6 7. a3 b5 8. Nxc6 Qxc6 9. h4 Bb7 10. h5 h6 11. Qd4 Nf6 12. e5 Nd5 13. Nxd5 Qxd5 14. Qxd5 Bxd5 15. a4 b4 16. Rh4 a5 17. Rg4 Rc8 18. Bd3 Bc5 19. Rxg7 Bxe3 20. fxe3 Rc5 21. Kd2 Kf8 22. Rg4 Rg8 23. Rxg8+ Kxg8 24. Rf1 Bc6 25. b3 Rxe5 26. g4 Rg5 27. Rf4 Kg7 28. c3 e5 29. Rf5 Rxg4 30. Rxe5 Rg2+ 31. Kc1 bxc3 32. Rxa5 Rd2 33. Bf5 Re2 34. b4 Rxe3 35. Kc2 d5 36. b5 Be8 37. Ra8 d4 38. Bd3 Bd7 39. Rd8 Re7 40. Rxd7 Rxd7 41. b6 Rb7 42. a5 f5 43. Bb5 Kf6 44. a6 Rxb6 45. a7 Rxb5 46. a8=Q Rb2+ 47. Kc1 Ke5 48. Qh8+ Ke4 49. Qxh6 Rh2 50. Qe6+ Kd3 51. Qxf5+ Kc4 52. Qf1+ Kc5 53. h6 Rxh6 54. Qf8+ Rd6 55. Kc2 d3+ 56. Kxc3 d2 57. Qc8+ Kb6 58. Qb8+ Kc6 59. Qe8+ Kc7 60. Qf7+ Rd7 61. Qc4+ Kd8 62. Qg8+ Kc7 1/2-1/2

[Event "Romanian Championship 2024"]
[Site "Eforie Nord"]
[Date "2024.02.29"]
[Round "7.22"]
[White "Lucaci, Alin-Marian"]
[Black "Pisu, Robert-Daniel"]
[Result "1-0"]
[ECO "A85"]
[WhiteElo "1749"]
[BlackElo "2154"]
[Annotator "RC"]
[PlyCount "51"]
[EventDate "2024.02.24"]
[EventType "swiss"]
[EventCountry "ROU"]
[SourceTitle "playchess.com"]
[Source "ChessBase"]
[SourceQuality "1"]
[TimeControl "40/5400+30:900+30"]

1. d4 d5 2. c4 e6 3. Nc3 c6 4. e3 Bd6 5. Nf3 f5 6. Bd3 Nf6 7. Qc2 Ne4 8. O-O Nd7 9. b3 O-O 10. Bb2 Rf6 11. Ne2 Rh6 12. Ne5 Qh4 13. h3 g5 14. Bxe4 dxe4 15. Qc1 g4 16. Nf4 gxh3 17. Nxh3 Qf6 18. Qc3 Qg7 19. Kh1 Nf6 20. Rad1 Bd7 21. d5 exd5 22. cxd5 cxd5 23. Nxd7 Qxd7 24. Rxd5 Qe6 25. Rfd1 Nxd5 26. Qg7# 1-0

[Event "Romanian Championship 2024"]
[Site "Eforie Nord"]
[Date "2024.02.29"]
[Round "7.23"]
[White "Coicev, Matei-Andrei"]
[Black "Vedmediuc, Artiom"]
[Result "1-0"]
[ECO "B13"]
[WhiteElo "2122"]
[BlackElo "2034"]
[Annotator "RC"]
[PlyCount "113"]
[EventDate "2024.02.24"]
[EventType "swiss"]
[EventCountry "ROU"]
[SourceTitle "playchess.com"]
[Source "ChessBase"]
[SourceQuality "1"]
[TimeControl "40/5400+30:900+30"]

1. e4 c6 2. Nf3 d5 3. Nc3 Bg4 4. h3 Bxf3 5. Qxf3 e6 6. exd5 cxd5 7. d4 Nc6 8. Bb5 Rc8 9. O-O Nf6 10. Ne2 Bd6 11. c3 O-O 12. Bg5 Be7 13. Bd3 a6 14. Ng3 Re8 15. Rfe1 Na5 16. Qe2 Nc4 17. f4 Nd7 18. Bxe7 Qxe7 19. Bxc4 Rxc4 20. Nf5 Qf8 21. Ne3 Rcc8 22. f5 Nf6 23. Qf3 Rcd8 24. fxe6 Rxe6 25. Nf5 Ne4 26. Ng3 Qe7 27. Nxe4 dxe4 28. Qe3 f5 29. Rad1 Qc7 30. Rf1 g6 31. Kh1 b5 32. Rf2 Re7 33. Rdf1 Rf8 34. g4 Ref7 35. gxf5 gxf5 36. Rg1+ Kh8 37. Rfg2 Rf6 38. d5 Qe5 39. Qa7 Rh6 40. Rg3 f4 41. Rf1 f3 42. Qg1 Qxd5 43. Qe3 Rhf6 44. Rg4 Qh5 45. Kh2 Qe5+ 46. Kh1 Rf4 47. Rxf4 Rxf4 48. Rd1 Rf8 49. Rf1 Rd8 50. Rg1 Qh5 51. Kh2 Qe5+ 52. Kh1 Qe6 53. Kh2 h6 54. Rg3 Rd3 55. Qa7 Rd2+ 56. Kh1 Qd7 57. Qb8+ 1-0

[Event "Romanian Championship 2024"]
[Site "Eforie Nord"]
[Date "2024.03.01"]
[Round "8.1"]
[White "Parligras, Mircea-Emilian"]
[Black "Ognean, Mihnea-Ionut"]
[Result "1-0"]
[ECO "E51"]
[WhiteElo "2539"]
[BlackElo "2382"]
[Annotator "TA"]
[PlyCount "99"]
[EventDate "2024.02.24"]
[EventType "swiss"]
[EventCountry "ROU"]
[SourceTitle "playchess.com"]
[Source "ChessBase"]
[SourceQuality "1"]
[TimeControl "40/5400+30:900+30"]

1. d4 Nf6 2. c4 e6 3. Nc3 Bb4 4. e3 O-O 5. Bd2 d5 6. Nf3 b6 7. cxd5 exd5 8. Bd3 {[%emt 0:00:18] E51: Nimzo-Indian: Rubinstein: 4...0-0 5 Nf3 d5.} Re8 9. Ne5 Bb7 10. O-O Bd6 11. f4 c5 12. Be1 Nbd7 13. Bh4 Be7 14. Qf3 (14. Bb5 $16) 14... a6 $14 15. a4 $146 ({Predecessor:} 15. Qh3 Nf8 16. Rad1 cxd4 17. exd4 Ne4 18. Bxe7 Qxe7 19. Nxe4 dxe4 20. Bc4 Ne6 21. f5 {1-0 Zakhartsov,V (2499)-Shoboev,D (2192) Malaya Zemlya Blitz op 2021 (7)}) 15... Nf8 16. Rad1 Qd6 (16... cxd4 $14 17. exd4 Rc8) 17. Bb1 (17. Bxf6 $142 Bxf6 18. Bc4) 17... Rad8 18. Ba2 Ng6 19. Bg3 $1 cxd4 20. exd4 Nf8 (20... Qb4 $142) 21. f5 $16 Qb4 {[%emt 0:00:08] [#]} 22. Be1 $1 Qd6 {[%emt 0:02:57] [#]} 23. g4 $1 h6 24. h4 N8h7 (24... N8d7 $16) 25. Qg2 $18 Nd7 26. Nf3 Nhf6 27. g5 Ne4 28. f6 Ndxf6 29. gxf6 Bxf6 30. Ne5 Bxe5 31. Nxe4 dxe4 $2 (31... Bh2+ {was necessary.} 32. Qxh2 Rxe4 33. Qxd6 Rxd6) 32. Rxf7 $2 (32. dxe5 $18 Qc5+ (32... Qxd1 $2 33. Rxf7 Qxe1+ 34. Rf1+ Bd5 35. Bxd5+ Rxd5 36. Rxe1 $18) 33. Qf2 Qxf2+ (33... Rxd1 $2 34. Bxf7+ Kh7 35. Qxc5 $18) 34. Bxf2 Rxd1 35. Rxd1) 32... Bxd4+ (32... Bd5 $16 {was called for.} 33. dxe5 Qc5+ 34. Kh2 (34. Bf2 Bxf7 35. Bxf7+ Kxf7 $15) 34... Bxf7 (34... Kxf7 $2 35. b4 $18)) 33. Kh1 $18 Kh8 34. Rxb7 Qe5 (34... Qc6 $142 35. Rf7 Bf6 36. Rxd8 Rxd8) 35. Bg3 $18 Qc5 36. Rc7 Qb4 $2 (36... Qf5 37. Bf7 Rf8) 37. Rc4 $18 Qxb2 38. Rcxd4 Rxd4 39. Qxb2 Rxd1+ 40. Kg2 e3 41. Kf3 (41. Qe2 Rd2 42. Bc4 Rxe2+ 43. Bxe2 Re4 44. Bxa6 Rxa4 $17) (41. Qxb6 $142 e2 42. Bf7 (42. Qxa6 Rd2 $16)) 41... e2 42. Bc4 (42. Qxb6 $2 {too greedy.} Rd3+ (42... e1=R $2 43. Bxe1 Rdxe1 44. Qxa6 $18) 43. Kf4 Rxg3 $19 (43... e1=R $2 {is the wrong capture.} 44. Bxe1 Ra3 45. Bc4 $18)) 42... e1=Q 43. Bxe1 Rdxe1 44. Qxb6 (44. Bxa6 Rf8+ 45. Kg2 Re4 $18) 44... Rf8+ 45. Kg3 a5 46. Qc5 Ree8 (46... Rfe8 $142 47. Qf5 (47. Qxa5 R1e3+ 48. Kg2 R3e4 $18) 47... R1e5) 47. Qxa5 Re3+ 48. Kg2 Re4 49. Qc5 Rd8 50. Kg3 1-0

[Event "Romanian Championship 2024"]
[Site "Eforie Nord"]
[Date "2024.03.01"]
[Round "8.2"]
[White "Lupulescu, Constantin"]
[Black "Cnejev, Vladimir-Alexandru"]
[Result "1-0"]
[ECO "D35"]
[WhiteElo "2589"]
[BlackElo "2311"]
[Annotator "TA"]
[PlyCount "93"]
[EventDate "2024.02.24"]
[EventType "swiss"]
[EventCountry "ROU"]
[SourceTitle "playchess.com"]
[Source "ChessBase"]
[SourceQuality "1"]
[TimeControl "40/5400+30:900+30"]

1. d4 d5 2. c4 e6 3. Nc3 Nf6 4. cxd5 exd5 5. Bg5 c6 6. e3 h6 7. Bh4 Be7 8. Bd3 O-O 9. Nge2 Re8 10. O-O Nbd7 11. a4 {[%emt 0:00:53] The position is equal.} a5 12. f3 Nb8 13. Rc1 Na6 14. Bf2 Nb4 15. Bb1 b6 16. Qd2 c5 17. Nb5 Ba6 18. Nec3 Qd7 19. Rfe1 Rac8 20. g4 g6 21. Bg3 Nh7 22. h4 Rc6 {[%emt 0:01:30] Black is now going downhill.} 23. Kg2 Nf8 24. Rcd1 {[%emt 0:00:00] Hoping for e4.} Rd8 {[#]} (24... Bf6 $16 {was worth a try.}) 25. e4 $1 $18 cxd4 (25... dxe4 $142 26. Bxe4 (26. Nxe4 Bxb5 27. axb5 Re6 $14) (26. Rxe4 f5 $16) 26... Bxb5) 26. Nxd4 dxe4 27. Nxe4 f5 $2 (27... Rc4 $2 28. Qxh6 Nh7 (28... Rxd4 $2 29. Be5 $18) 29. Be5 $18 (29. Nf5 Bf8 $18)) (27... Qxd4 28. Qxd4 Rxd4) 28. Nxc6 (28. Qxh6 $142 fxe4 29. Nxc6 Qxc6 30. Be5 (30. Bxe4 Qf6 $18) (30. fxe4 Nc2 $17)) 28... Qxc6 29. Qxh6 {[%emt 0:00:00][%cal Og3e5] Threatening mate with Be5!} fxe4 $2 (29... Rxd1 30. Be5 (30. Rxd1 fxe4 31. Bxe4 Qf6 $18) 30... Kf7 31. Rxd1 (31. Qg7+ Ke8 $18) 31... fxe4) 30. Be5 (30. Bxe4 Qf6 31. Rxd8 Bxd8 $18) (30. fxe4 Nc2 (30... Qxa4 $2 31. Rxd8 Bxd8 32. Bd6 $18) 31. Ba2+ Bc4 $17) 30... Kf7 31. Bxe4 Rxd1 32. Qg7+ Ke6 33. Rxd1 Qc4 34. Re1 (34. Bxg6 Qe2+ (34... Bxh4 35. Bf5#) 35. Kh3 Qxf3+ (35... Qxd1 36. Bf5+ Kd5 37. Be4+ Ke6 38. Bf5+ Kd5 39. Be4+ Ke6 40. Bf5+ $11) 36. Bg3 Bf1+ (36... Qxd1 37. Qf7+ Kd7 38. Qe8+ Ke6 39. Qf7+ Kd7 40. Qe8+ Ke6 41. Qf7+ $11) 37. Rxf1 Qxf1+ 38. Kh2 Nxg6 39. Qxg6+ Qf6 40. Qe4+ Kd7 $17) 34... Nc2 35. Bxc2 Qxc2+ 36. Kh3 {[%emt 0:00:10] And now Bf6+ would win.} Bf1+ 37. Rxf1 Qe2 {[%emt 0:00:06] Against Re1} 38. Rc1 Qxe5 39. Rc6+ Kd5 40. Qxe5+ Kxe5 41. Rxb6 Ne6 42. Rb5+ {[%emt 0:02:36] White is clearly winning.} Kf4 43. Kg2 {[%emt 0:01:15] Black must now prevent h5.} ({Resist} 43. Rxa5 Kxf3 44. h5 Bd6 $18) 43... Nd4 (43... Bxh4 $142 44. Rxa5 Bg5) 44. Rxa5 Bxh4 45. Ra8 {[%emt 0:02:21] Strongly threatening a5.} Be7 46. Re8 Nc6 {[%emt 0:00:07] [#]} 47. b4 $1 {[%emt 0:00:17] Weighted Error Value: White=0.50/Black=0.20 (precise) .  Mistake:       	White=1     	Black=5      Inaccurate:     	White=2     	Black=3      OK:         	White=13    	Black=10     Best:        	White=3     	Black=1      Strong:       	White=1     	---} 1-0

[Event "Romanian Championship 2024"]
[Site "Eforie Nord"]
[Date "2024.03.01"]
[Round "8.3"]
[White "Nevednichy, Vladislav"]
[Black "Gavrilescu, David"]
[Result "1-0"]
[ECO "B51"]
[WhiteElo "2451"]
[BlackElo "2523"]
[Annotator "TA"]
[PlyCount "125"]
[EventDate "2024.02.24"]
[EventType "swiss"]
[EventCountry "ROU"]
[SourceTitle "playchess.com"]
[Source "ChessBase"]
[SourceQuality "1"]
[TimeControl "40/5400+30:900+30"]

1. e4 c5 2. Nf3 d6 3. Bb5+ Nd7 4. a4 Ngf6 5. Nc3 g6 6. O-O {[%emt 0:00:04] B51: Sicilian: Moscow Variation (3 Bb5+) without 3...Bd7.} Bg7 7. d4 cxd4 8. Nxd4 a6 9. Be2 b6 10. Be3 Bb7 11. f3 O-O 12. Qd2 Qc7 13. Rfd1 Rac8 $146 ({Predecessor:} 13... Rfd8 14. Bf1 Ne5 15. Qe2 Rac8 16. Qf2 Nfd7 17. Nb3 Nc4 18. Bxc4 Qxc4 19. Bxb6 Nxb6 20. Qxb6 {0-1 Bras,H (1621)-Sperat Czar,N (2055) Leca da Palmeira 2nd 2023 (2)}) 14. Qe1 e6 15. a5 bxa5 16. Nb3 Rb8 17. Nxa5 Ba8 18. Qd2 d5 19. exd5 exd5 20. Nb3 Ne5 21. Rxa6 Nc4 22. Bxc4 dxc4 23. Nd4 Rbd8 24. Ndb5 Qe7 25. Rd6 Rxd6 26. Nxd6 Nd5 27. Nxd5 Qxd6 28. c3 h5 (28... Bxd5 $1 $14 29. Qxd5 Qb8) 29. Nb6 $18 Qe6 30. Bf2 Bb7 31. Qe3 Qf5 32. Nxc4 Ba6 (32... Qb5 $16 {keeps fighting.}) 33. Nb6 $18 Bb5 (33... Qc2 {was necessary.} 34. Qd2 Qxd2 35. Rxd2 Rb8) 34. Qe4 (34. c4 $142 Re8 35. Qd3 Qxd3 36. Rxd3) 34... Qf6 (34... Qxe4 $142 35. fxe4 Bc6) 35. Nd5 $18 Qa6 36. Nc7 Qa5 37. Nxb5 Qxb5 38. Rd2 Re8 39. Qd3 Qa4 40. Qc2 Qa2 41. Qd1 Bf6 42. g3 h4 43. Kg2 Qc4 44. Rd3 Rb8 {[%emt 0:00:45] [#]} 45. Qe2 $1 Qb5 (45... Rxb2 $2 46. Rd8+ (46. Qxb2 Qxd3 47. Bd4 Bxd4 $11) 46... Bxd8 47. Qxc4 $18) 46. Rd2 ({Worse is} 46. gxh4 Qxb2 47. Qe3 Qc2 $11 (47... Bxh4 $2 48. Rd2 $18)) 46... Qh5 47. gxh4 Bxh4 48. Bg3 Bxg3 49. hxg3 (49. Kxg3 Qg5+ 50. Kf2 Qf4 $16) 49... Qg5 50. c4 Qf5 (50... Kg7 $142 51. f4 Qf6) 51. Qe4 Qa5 (51... Qxe4 $142 52. fxe4 Rb4) 52. Qd4 $18 Re8 53. Qf2 Rc8 54. Rc2 Qa4 55. c5 Kg7 56. Qd2 f6 57. c6 Rd8 58. Qe2 ({Stronger than} 58. Qxd8 Qxc2+ 59. Kh3 Qf5+ 60. Kh2 Qc2+ 61. Kh3 Qf5+ 62. Kg2 Qc2+ 63. Kh1 Qxc6 $11) 58... Re8 59. Qc4 ({Not} 59. Qxe8 Qxc2+ 60. Kf1 Qc1+ 61. Ke2 Qc2+ 62. Ke3 Qc5+ 63. Kd2 Qd4+ 64. Ke1 Qb4+ 65. Kf1 Qc4+ 66. Qe2 Qxc6 $14) 59... Qa1 60. Re2 Rxe2+ 61. Qxe2 Qc1 62. Qe7+ Kh6 63. Qxf6 1-0

[Event "Romanian Championship 2024"]
[Site "Eforie Nord"]
[Date "2024.03.01"]
[Round "8.4"]
[White "Ghimpu, Samuel-Timotei"]
[Black "Manolache, Marius"]
[Result "1/2-1/2"]
[ECO "B48"]
[WhiteElo "2467"]
[BlackElo "2387"]
[Annotator "TA"]
[PlyCount "72"]
[EventDate "2024.02.24"]
[EventType "swiss"]
[EventCountry "ROU"]
[SourceTitle "playchess.com"]
[Source "ChessBase"]
[SourceQuality "1"]
[TimeControl "40/5400+30:900+30"]

1. e4 c5 2. Nf3 e6 3. d4 cxd4 4. Nxd4 Nc6 5. Nc3 Qc7 6. Be3 a6 7. a3 d6 8. f4 Be7 9. Bd3 Nxd4 {[%emt 0:07:19] White is slightly better.} 10. Bxd4 Bh4+ 11. g3 Bf6 12. Be2 Bd7 13. Qd3 Bc6 14. O-O-O Rd8 15. Rhf1 h5 16. Kb1 Rd7 17. Bf3 Bxd4 18. Qxd4 Nf6 19. h3 {[%emt 0:00:32][%cal Bh2h3,Bh3g4,Bg4g5][%mdl 32] White is more active.} Qa5 20. g4 (20. Qg1 $16) 20... hxg4 $11 21. hxg4 e5 {[%emt 0:00:35] [#]} (21... Qc5 $14) 22. Qg1 $1 $36 {[%emt 0:07:41][%mdl 2048] Black is under strong pressure.} Qc5 {[%emt 0:06:44] [#]} 23. Qg2 exf4 (23... Rc7 $16 {keeps fighting.}) 24. g5 Nh5 25. Rh1 g6 26. Nd5 Bxd5 27. Rxd5 ({Weaker is} 27. exd5 Re7 $11) 27... Qe3 28. Rhd1 Ng3 {[%emt 0:04:49] [#]} (28... Kf8 $142) 29. e5 $1 {[%emt 0:01:24][%mdl 512] Bg4 would now be deadly.} Nf5 {[%emt 0:02:40] Threatens to win with ...Nh4.} (29... Rd8 30. exd6) 30. Rxd6 $2 (30. exd6 $18 Kf8 31. Bg4) 30... Nxd6 $11 {[%emt 0:01:29] The position is equal.} 31. exd6 Qe5 (31... O-O $5 32. Bg4 $8 Rdd8 $11) 32. Rd5 Qe1+ 33. Rd1 Qe5 34. Rd5 Qe1+ 35. Rd1 Qe5 36. Rd5 Qe1+ {[%emt 0:16:01] Blacks defense is rewarded with a draw.   Weighted Error Value: White=0.29 (precise) /Black=0.18 (very precise) .  Missed win:     	White=1     	---        Mistake:       	White=1     	Black=3      Inaccurate:     	White=2     	---        OK:         	White=13    	Black=13     Best:        	White=3     	---        Strong:       	White=1     	---} 1/2-1/2

[Event "Romanian Championship 2024"]
[Site "Eforie Nord"]
[Date "2024.03.01"]
[Round "8.5"]
[White "Ilinca, Felix-Antonio"]
[Black "Magold, Filip"]
[Result "0-1"]
[ECO "B53"]
[WhiteElo "2415"]
[BlackElo "2400"]
[Annotator "TA"]
[PlyCount "116"]
[EventDate "2024.02.24"]
[EventType "swiss"]
[EventCountry "ROU"]
[SourceTitle "playchess.com"]
[Source "ChessBase"]
[SourceQuality "1"]
[TimeControl "40/5400+30:900+30"]

1. e4 c5 2. Nf3 d6 3. d4 Nf6 4. dxc5 Nxe4 5. cxd6 Nc6 6. Be3 {[%emt 0:00:28] B53: Sicilian: 2...d6: Lines with Qxd4.} Nxd6 7. Nc3 Bf5 8. Nd4 e5 9. Nxc6 bxc6 10. Qf3 Qc8 $146 ({Predecessor:} 10... Qd7 11. Bc5 Rd8 12. Qe3 Qe6 13. O-O-O Be7 14. Bxd6 Rxd6 15. Rxd6 Qxd6 16. Bd3 Bxd3 {½-½ Bajarani,U (2392)-Ter Sahakyan,S (2504) Akhisar Manisa ol U16 2009 (8)}) 11. Qg3 Qe6 12. O-O-O Bg6 13. h4 Nf5 14. Qh3 h5 15. a3 Be7 16. Bd3 O-O 17. Bg5 Bc5 18. Ne4 Bb6 19. Nd6 Nd4 20. Qxe6 Nxe6 21. Be7 ({White should try} 21. Bxg6 $14 fxg6 22. f3 Nxg5 23. hxg5) 21... Bxd3 $1 $11 22. Bxf8 (22. Rxd3 $5 Rfb8 23. Rd2 $17) 22... Bg6 23. Be7 Bxf2 24. Nc4 f6 25. Bb4 Nd4 26. Rd2 (26. Bc5 $1 $11 {keeps the balance.}) 26... Bg3 $17 27. Kb1 Bf4 (27... c5 $17 28. Ba5 (28. Bxc5 Nb3 $11) 28... Bf4) 28. Rf2 $15 Bg3 (28... Bf7 $15 29. b3 a5) 29. Rd2 $17 c5 30. Bxc5 (30. Bc3 $142) 30... Nb3 $1 $17 31. Be3 (31. Rd5 Be4 32. Rh3 Bxd5 $19) 31... Rc8 32. Rd3 Rxc4 33. Rxb3 Bxc2+ (33... Rxh4 34. Rxh4 Bxh4 35. Bxa7 $18) 34. Ka2 Bxb3+ 35. Kxb3 Rc7 (35... Rxh4 36. Rxh4 Bxh4 37. Bxa7 $11) 36. Rh3 Be1 (36... Bf4 $1 $19 {And now ...Bxe3 would win.} 37. Bxf4 exf4) 37. Rh1 $17 Bg3 (37... Rb7+ $1 $17 38. Ka2 Bg3) 38. Rh3 $19 Bf4 $1 39. Bf2 e4 40. Rc3 Rd7 41. Rc4 f5 42. Ra4 Rd3+ 43. Ka2 $2 (43. Kc4 {only move.}) 43... Be5 44. Bxa7 e3 (44... Rd2 $2 45. Rb4 $19) 45. Ra5 Bf6 46. Rxf5 e2 (46... Bxh4 47. Re5 Bf6 48. Re8+ (48. Rxh5 e2 $17) (48. Rxe3 Rd2 $14) 48... Kf7 49. Rxe3 $11) 47. Bf2 Rd1 48. Rxh5 $2 {[%emt 0:00:25] [#]} (48. Bg3 {was called for.}) 48... Rf1 $1 $19 (48... e1=R 49. Bxe1 Rxe1 50. g3 $17) (48... e1=N 49. Rb5 $11) ({Not} 48... e1=B 49. Bxe1 Rxe1 50. Rb5 Bxh4 51. Rb4 $17) 49. Bg3 {[%emt 0:00:06] [#]} g5 $1 ({Less strong is} 49... e1=B 50. Bxe1 Rxe1 51. a4 $17) ({Weaker is} 49... e1=N 50. a4 $17) (49... e1=Q 50. Bxe1 Rxe1 51. g4 $17) 50. Rxg5+ (50. hxg5 $142 Be5 51. Bh4) 50... Bxg5 $19 51. hxg5 e1=Q 52. Bxe1 Rxe1 53. b4 Kf7 54. Kb3 Ke7 55. g6 Rg1 56. Ka4 Kd7 57. Ka5 Rxg2 58. a4 Rxg6 0-1